 Seeded DCSS version 0.29-a0-582-ge82337ba6a (webtiles) character file.

Game seed: 585938074022289478 (custom seed)

3977 happo123 the Grappler (level 10, -5/94 HPs)
             Began as a Troll Transmuter on June 14, 2022.
             Was a High Priest of Jiyva.
             Slain by a killer bee (7 damage)
             ... on level 9 of the Dungeon.
             The game lasted 00:25:32 (7223 turns).

happo123 the Grappler (Troll Transmuter)            Turns: 7223, Time: 00:25:34

Health: -5/94      AC:  8    Str: 26    XL:     10   Next: 2%
Magic:  14/14      EV: 11    Int: 15    God:    Jiyva [*****.]
Gold:   311        SH:  0    Dex: 10    Spells: 13/16 levels left

rFire   + + .      SeeInvis +     - Unarmed
rCold   + . .      Faith    .   (no shield)
rNeg    . . .      Spirit   .   l - +1 robe {rF+}
rPois   .          Reflect  .   (helmet currently unavailable)
rElec   .          Harm     .   j - +0 cloak
rCorr   +          Rampage  .   (gloves unavailable)
Will    .....                   (boots unavailable)
Stlth   ++........              (no amulet)
HPRegen 2.49/turn               q - ring of Demons {rC+ Str+6 Int+2 SInv}
MPRegen 0.59/turn               (no ring)

@: lethally poisoned (-5 -> -7), appendages (expiring), wereblooded
A: horns 2, talons 2, large, unfitting armour, claws 3, regeneration 1, shaggy
fur 1, tough skin 1, iridescent scales 1, fire resistance 1, translucent skin 3
a: End Transformation, Renounce Religion, Oozemancy, Slimify


You were on level 9 of the Dungeon.
You worshipped Jiyva.
Jiyva was extremely pleased with you.
You had temporarily grown beastly horns and talons.
You visited 2 branches of the dungeon, and saw 10 of its levels.

You collected 311 gold pieces.

Inventory:

Armour
 a - a +0 robe
 j - a +0 cloak (worn)
 l - a +1 robe of fire resistance (worn)
 r - a scarf of harm
Jewellery
 q - the ring of Demons (left claw) {rC+ Str+6 Int+2 SInv}
   (You found it on level 5 of the Dungeon)

   [ring of strength]

   Str:       It affects your strength (+6).
   Int:       It affects your intelligence (+2).
   rC:        It protects you from cold.
   SInv:      It lets you see invisible.
Wands
 v - a wand of iceblast (8)
Scrolls
 e - 2 scrolls of vulnerability {unknown}
 g - a scroll of identify
 h - 2 scrolls of amnesia {unknown}
 i - a scroll of fear
 n - a scroll of immolation
 t - 2 scrolls of teleportation
 u - 3 scrolls of enchant armour {unknown}
Potions
 b - a potion of lignification
 c - 2 potions of berserk rage {unknown}
 d - 3 potions of curing
 f - a potion of invisibility {unknown}
 k - 3 potions of brilliance {unknown}
 m - 2 potions of magic {unknown}
 o - 2 potions of degeneration {unknown}
 p - a potion of cancellation {unknown}
 s - a potion of heal wounds {unknown}
 w - 2 potions of mutation {unknown}


   Skills:
 + Level 4.4 Fighting
 + Level 4.7 Dodging
 * Level 8.4 Unarmed Combat
 + Level 3.6 Spellcasting
 * Level 6.1 Transmutations


You had 13 spell levels left.
You knew the following spells:

 Your Spells              Type           Power      Damage    Failure   Level
a - Beastly Appendage     Tmut           42%        N/A       1%          1
b - Wereblood             Tmut           21%        N/A       2%          2

Your spell library contained the following spells:

 Spells                   Type           Power      Damage    Failure   Level
 Spider Form              Tmut/Pois      11%        N/A       16%         3
 Blink                    Tloc           4%         N/A       28%         2
 Ice Form                 Ice/Tmut       11%        N/A       47%         4
 Lesser Beckoning         Tloc           2%         N/A       50%         3
 Manifold Assault         Tloc           2%         N/A       99%         5


Dungeon Overview and Level Annotations

Branches:
Dungeon (9/15)             Temple (1/1) D:4            Lair (0/6) D:8
    Orc: D:9-12

Altars:
Ashenzari
Cheibriados
Dithmenos
Elyvilon
Fedhas
Gozag
Hepliaklqana
Kikubaaqudgha
Makhleb
Nemelex Xobeh
Okawaru
Qazlal
Ru
Sif Muna
Trog
Uskayaw
Vehumet
Xom
Zin
The Shining One
Jiyva


Innate Abilities, Weirdness & Mutations

You have temporarily grown beastly horns and talons.
You are too large for most types of armour.
You have claws for hands.
Your natural rate of healing is unusually fast.
You are covered in fur. (AC +1)
You have tough skin. (AC +1)
You are partially covered in iridescent scales. (AC +2)
Your flesh is heat resistant. (rF+)
Your transparent skin significantly reduces your foes' accuracy. (Stealth+)


Message History

You are more poisoned.
The killer bee poisons you! The bullfrog hits you.
You claw the orc wizard!
You feel a bit better.
You kill the orc wizard!
You feel sick. The killer bee barely misses you.
The killer bee stings you but does no damage.
The troll barely misses you. x2; The troll claws you but does no damage.
The gnoll barely misses you. The orc barely misses you.
The bullfrog closely misses you. The killer bee stings you.
You are more poisoned.
The killer bee poisons you! The killer bee closely misses you.
You claw the killer bee! Your kick misses the killer bee.
The killer bee is almost dead.
You feel very sick. The killer bee stings you!
You are more poisoned.
The killer bee poisons you! The killer bee misses you. The bullfrog hits you.
The orc completely misses you. The troll bites you.
* * * LOW HITPOINT WARNING * * *
The troll claws you.
* * * LOW HITPOINT WARNING * * *
The troll claws you but does no damage.
The gnoll hits you from afar with a +0 spear.
* * * LOW HITPOINT WARNING * * *
The killer bee closely misses you. The killer bee completely misses you.
The bullfrog barely misses you.
You feel very sick. The killer bee closely misses you.
The killer bee stings you but does no damage.
The troll closely misses you. The troll claws you!
* * * LOW HITPOINT WARNING * * *
The troll claws you.
* * * LOW HITPOINT WARNING * * *
The orc hits you with a +0 flail.
* * * LOW HITPOINT WARNING * * *
The gnoll barely misses you.
The bullfrog hits you but does no damage.
The killer bee stings you but does no damage.
The killer bee stings you!
You die...

#? ..... ..
....#
###.######....#
..........#....
.............
...........# .
......)Fo.###..#
.......@y.....#
......y.T.#####
.......g..#
..........#
..........#
..........#
###########


You could see a troll, a bullfrog, 2 killer bees, a gnoll and an orc.

Vanquished Creatures
  A two-headed ogre (D:8)
  A hornet (D:7)
  Grinder (D:6)
  Sigmund (D:4)
  A water moccasin (D:8)
  2 ice beasts
  An orc warrior (D:8)
  3 black bears
  A sky beast (D:7)
  2 ogres
  2 bullfrogs
  A necrophage (D:4)
  A gnoll sergeant (D:8)
  5 scorpions
  4 wights (D:7)
  5 killer bees (D:8)
  7 howler monkeys
  A crimson imp (D:8)
  3 orc priests (D:8)
  A hound (D:6)
  A jelly (D:4)
  Crazy Yiuf (D:5)
  A gnoll shaman (D:8)
  2 iguanas
  12 orc wizards
  A statue (D:4)
  12 gnolls
  5 adders
  2 shadow imps
  2 white imps
  4 ufetubi
  2 worms (D:2)
  The ghost of superpeng the Sneak, a weakling FoDe (D:8)
  2 dart slugs (D:1)
  16 orcs
  10 ball pythons
  4 endoplasms
  7 giant cockroaches
  6 goblins
  8 hobgoblins
  8 jackals (D:1)
  A quokka (D:2)
  2 bats (D:1)
  5 frilled lizards (D:1)
  3 kobolds
  4 rats
166 creatures vanquished.

Vanquished Creatures (others)
  A bullfrog (D:6)
  A scorpion (D:5)
  A killer bee (D:8)
  5 jellies
  A white imp (D:6)
  An orc (D:3)
  2 bats
  A hobgoblin (D:2)
  A kobold (D:3)
  24 fungi
  29 plants
  2 withered plants (D:8)
69 creatures vanquished.

Grand Total: 235 creatures vanquished

Notes
Turn   | Place    | Note
-------+----------+-------------------------------------------
     0 | D:1      | happo123 the Troll Transmuter began the quest for the Orb.
     0 | D:1      | Reached XP level 1. HP: 18/18 MP: 1/1
   229 | D:1      | Reached XP level 2. HP: 26/26 MP: 0/2
   246 | D:1      | Reached skill level 1 in Fighting
   450 | D:1      | Reached XP level 3. HP: 33/33 MP: 2/4
  1096 | D:2      | You fall into a shaft and drop 2 floors!
  1106 | D:4      | Reached XP level 4. HP: 26/41 MP: 5/5
  1113 | D:4      | Found a radiant altar of Vehumet.
  1115 | D:4      | Noticed a charred statue
  1258 | D:4      | Noticed a black bear
  1266 | D:4      | Killed a black bear
  1267 | D:4      | Reached skill level 4 in Unarmed Combat
  1267 | D:4      | Reached XP level 5. HP: 45/48 MP: 4/6
  1273 | D:4      | Found a staircase to the Ecumenical Temple.
  1282 | Temple   | Entered the Ecumenical Temple
  1297 | Temple   | Became a worshipper of Jiyva Joatoph the Shapeless
  1398 | D:4      | Noticed Sigmund
  1407 | D:4      | Killed Sigmund
  1408 | D:4      | Reached XP level 6. HP: 29/57 MP: 5/7
  1411 | D:4      | Learned a level 2 spell: Wereblood
  1616 | D:4      | Reached * piety under Jiyva
  1862 | D:4      | Found a shimmering blue altar of Sif Muna.
  2034 | D:3      | Found a faded altar of an unknown god.
  2186 | D:3      | Reached ** piety under Jiyva
  2576 | D:2      | Reached XP level 7. HP: 65/65 MP: 9/9
  2592 | D:2      | Reached skill level 5 in Unarmed Combat
  3425 | D:5      | Entered Level 5 of the Dungeon
  3471 | D:5      | Reached *** piety under Jiyva
  3511 | D:5      | Found a sparkling altar of Nemelex Xobeh.
  3625 | D:5      | Gained mutation: You expend magic power (3 MP) to
                  | strengthen your wands. [Jiyva's grace]
  3625 | D:5      | Gained mutation: Your flesh is heat resistant. (rF+)
                  | [Jiyva's grace]
  3625 | D:5      | Gained mutation: Your flesh is very heat resistant. (rF++)
                  | [Jiyva's grace]
  3625 | D:5      | Gained mutation: Your flesh is almost immune to the effects
                  | of heat. (rF+++) [Jiyva's grace]
  3819 | D:5      | Identified the ring of Demons {rC+ Str+6 Int+2 SInv}
  4140 | D:5      | Found a runed translucent door.
  4141 | D:5      | Noticed Crazy Yiuf
  4148 | D:5      | Killed Crazy Yiuf
  4288 | D:5      | Found a white marble altar of Elyvilon.
  4375 | D:6      | Reached **** piety under Jiyva
  4532 | D:6      | Found a shadowy altar of Dithmenos.
  4791 | D:6      | Noticed Grinder
  4796 | D:6      | Paralysed by Grinder for 3 turns
  4804 | D:6      | Paralysed by Grinder for 4 turns
  4810 | D:6      | Killed Grinder
  4811 | D:6      | Reached skill level 6 in Unarmed Combat
  4811 | D:6      | Reached XP level 8. HP: 74/74 MP: 10/10
  5008 | D:6      | Reached ***** piety under Jiyva
  5636 | D:7      | Lost mutation: Your flesh is almost immune to the effects
                  | of heat. (rF+++) [Jiyva's grace]
  5636 | D:7      | Lost mutation: Your flesh is very heat resistant. (rF++)
                  | [Jiyva's grace]
  5636 | D:7      | Lost mutation: You expend magic power (3 MP) to strengthen
                  | your wands. [Jiyva's grace]
  5636 | D:7      | Gained mutation: Your translucent skin slightly reduces
                  | your foes' accuracy. (Stealth+) [Jiyva's grace]
  5636 | D:7      | Gained mutation: Your translucent skin reduces your foes'
                  | accuracy. (Stealth+) [Jiyva's grace]
  5636 | D:7      | Gained mutation: Your transparent skin significantly
                  | reduces your foes' accuracy. (Stealth+) [Jiyva's grace]
  5636 | D:7      | Gained mutation: You are partially covered in iridescent
                  | scales. (AC +2) [Jiyva's grace]
  5882 | D:7      | Found a sacrificial altar of Ru.
  5904 | D:7      | Noticed a hornet
  5914 | D:7      | Killed a hornet
  5915 | D:7      | Reached skill level 7 in Unarmed Combat
  5917 | D:7      | Reached skill level 5 in Transmutations
  5917 | D:7      | Reached XP level 9. HP: 79/83 MP: 12/12
  6088 | D:7      | Found a hazy altar of Hepliaklqana.
  6089 | D:7      | Found a shimmering altar of Xom.
  6090 | D:7      | Noticed a spectral ugly thing
  6158 | D:7      | Found an opulent altar of Gozag.
  6290 | D:7      | Found a hide-covered altar of Uskayaw.
  6483 | D:8      | Found a staircase to the Lair.
  6605 | D:8      | Found a runed translucent door.
  6605 | D:8      | Noticed superpeng's ghost (weakling FoDe)
  6670 | D:8      | Reached skill level 8 in Unarmed Combat
  6965 | D:8      | Found a burning altar of Makhleb.
  7041 | D:8      | Killed superpeng's ghost
  7120 | D:9      | HP: 4/84 [gnoll shaman/+0 club (7)]
  7156 | D:9      | Noticed a two-headed ogre
  7161 | D:9      | Noticed a troll
  7172 | D:8      | Killed a two-headed ogre
  7174 | D:8      | Reached XP level 10. HP: 20/94 MP: 14/14
  7223 | D:9      | HP: 2/94 [orc/+0 flail (3)]
  7223 | D:9      | Slain by a killer bee

Illustrated notes

Levels and vault maps discovered:
D:1:      dpeg_arrival_rooms_a, layout_loops_cross, minmay_shallow_snake_nest
D:2:      layout_basic, ebering_dispersal_statue_hall, grunt_decor_arrowhead,
          grunt_ministairs_3
D:3:      layout_loops_ring, hellmonk_ecumenical_altar_leap_of_faith
D:4:      layout_gridville, lemuel_blue_sif_altar, vehumet_statue,
          minmay_temple_entry_glass, uniq_sigmund
D:5:      layout_loops_corners, nicolae_elyvilon_temple_path,
          amcnicky_altar_gilded, minmay_misc_feat_square,
          uniq_crazy_yiuf_cottage
D:6:      layout_layer_cave, nicolae_dithmenos_shadow_blocks, minivault_24,
          uniq_grinder
D:7:      layout_basic, regret_index_temple_of_mockery, grunt_gozag_statues,
          marbit_many_paths, mainiacjoe_overflow_paths
D:8:      layout_loops_cross, makhleb_grotto_becter,
          grunt_lair_entry_orc_guard_hut, gammafunk_ghost_grave
D:9:      layout_rooms
Temple:   pf_slimified_temple

Skill      XL: |  1  2  3  4  5  6  7  8  9 |
---------------+----------------------------+-----
Fighting       | 1 2 3 4 |  4.4
Transmutations | 2 3 4 5 6 |  6.1
Dodging        | 2 3 4 |  4.7
Unarmed Combat | 4 6 7 8 |  8.4
Spellcasting   | 2 3 |  3.6

Action                   |  1- 3 |  4- 6 |  7- 9 | 10-12 || total
-------------------------+-------+-------+-------+-------++-------
Melee: Unarmed           |   115 |    72 |   265 |    13 ||   465
       Kick              |     4 |     7 |    31 |     1 ||    43
       Punch             |     4 |     4 |     7 |       ||    15
       Headbutt          |     2 |     4 |    18 |     1 ||    25
 Cast: Beastly Appendage |     3 |     3 |    13 |     1 ||    20
       Wereblood         |       |       |     7 |     1 ||     8
  Use: Scroll            |       |       |     4 |       ||     4
       Potion            |       |       |     1 |       ||     1
 Stab: Sleeping          |     1 |       |       |       ||     1
Armor: Robe              |    69 |    25 |    93 |    21 ||   208
Dodge: Dodged            |    77 |    31 |   175 |    57 ||   340

Table legend: (Time is in decaauts)
 A = Elapsed time spent in this place.
 B = Non-inter-level travel time spent in this place.
 C = Inter-level travel time spent in this place.
 D = Time resting spent in this place.
 E = Time spent auto-exploring this place.
 F = Levels seen in this place.
 G = Mean time per level.
                   A        B        C        D        E       F      G
               +--------+--------+--------+--------+--------+-----+--------+
         Total |   7180 |   6593 |    587 |     42 |   5465 |  10 |  718.0 |
       Dungeon |   7099 |   6543 |    556 |     42 |   5423 |   9 |  788.8 |
        Temple |     80 |     49 |     31 |      0 |     42 |   1 |   80.0 |
               +--------+--------+--------+--------+--------+-----+--------+

Top non-repeatable levels by time:
     D:6: 1178 daAuts
     D:2: 1173 daAuts
     D:5: 948 daAuts
     D:8: 836 daAuts
     D:4: 802 daAuts
     D:1: 778 daAuts
     D:7: 777 daAuts
     D:3: 577 daAuts
  Temple: 80 daAuts
     D:9: 28 daAuts
